 Dungeon Crawl Stone Soup version 0.25-a0-190-g27fffb8c76 (webtiles) character file.

Game seed: 8906301131289210236, levelgen mode: deterministic

53 Goreval the Poker (level 3, -2/28 HPs)
             Began as a Demonspawn Gladiator on Nov 30, 2019.
             Slain by a hound (4 damage)
             ... on level 2 of the Dungeon.
             The game lasted 00:02:34 (1889 turns).

Goreval the Poker (Demonspawn Gladiator)            Turns: 1889, Time: 00:02:35

Health: -2/28      AC:  3    Str: 15    XL:     3   Next: 64%
Magic:  3/3        EV: 14    Int:  9    God:
Gold:   123        SH:  0    Dex: 14    Spells: 2/2 levels left

rFire    . . .     SeeInvis .   a - +0 trident
rCold    . . .     Gourm    .   (no shield)
rNeg     . . .     Faith    .   b - +0 leather armour
rPois    .         Spirit   .   (helmet restricted)
rElec    .         Reflect  .   (no cloak)
rCorr    .         Harm     .   (no gloves)
MR       .....                  (no boots)
Stlth    +.........             (no amulet)
HPRegen  0.09/turn              (no ring)
MPRegen  0.08/turn              (no ring)

@: no status effects
A: antennae 1, repulsion field 1
a: no special abilities


You were on level 2 of the Dungeon.
You were not hungry.

You visited 1 branch of the dungeon, and saw 2 of its levels.

You collected 123 gold pieces.

Inventory:

Hand Weapons
 a - a +0 trident (weapon)
Missiles
 d - 4 throwing nets
 e - 76 stones
 j - 5 boomerangs (quivered)
Armour
 b - a +0 leather armour (worn)
 c - a +0 helmet
Jewellery
 k - a +2 ring of protection {unknown}
 l - an uncursed amulet of rage {unknown}
Scrolls
 h - a scroll of enchant armour {unknown}
 o - a scroll of identify {unknown}
 q - a scroll of teleportation {unknown}
 s - a scroll of fear {unknown}
Potions
 g - a potion of curing {unknown}
 i - a potion of haste {unknown}
 m - a potion of agility {unknown}
 n - a potion of degeneration {unknown}
 p - a potion of flight {unknown}
Comestibles
 f - 4 rations
 r - 2 chunks of flesh


   Skills:
 + Level 2.7 Fighting
 * Level 3.8 Polearms
 - Level 1.7 Throwing
 - Level 2.6 Dodging


You had 2 spell levels left.
You didn't know any spells.
Your spell library was empty.

Dungeon Overview and Level Annotations

Branches:
Dungeon (2/15)

Altars:
Makhleb
Zin


Innate Abilities, Weirdness & Mutations

You have a pair of small antennae on your head.
You are surrounded by a mild repulsion field. (EV +2)


Message History

Anything else - Cancel.
Okay, then.
Throwing (i - inventory. (/) - cycle)
j - 5 boomerangs (quivered)
Aim: a hound (moderately wounded)
You throw a throwing net. The throwing net hits the hound.
The hound is caught in the net!
The hound struggles against the net.
The hound struggles against the net. x2
The hound struggles against the net.
The net rips apart, and the hound comes free!
Throwing (i - inventory. (/) - cycle)
j - 5 boomerangs (quivered)
Aim: a hound (moderately wounded)
Okay, then.
Throwing (i - inventory. (/) - cycle)
j - 5 boomerangs (quivered)
Aim: a hound (moderately wounded)
Okay, then.
Throwing (i - inventory. (/) - cycle)
j - 5 boomerangs (quivered)
Aim: a hound (moderately wounded)
You throw a boomerang. The boomerang closely misses the hound.
The hound bites you.
You die...

#.รท#..#..#.####.....#######
#...................#
....))#..#.####.....#
...........####....##
...#..#............# ###
......##.#.#######.# _..#
..##..##.### #.##...## ..
...........####.......#
..##............@h......## .
#.#.###.##.######....# #. .#
.# #####


You could see a hound.

Vanquished Creatures
  An adder (D:2)
  A worm (D:2)
  A leopard gecko (D:2)
  2 giant cockroaches
  6 goblins
  2 hobgoblins
  9 jackals
  6 kobolds
  2 quokkas (D:2)
  4 bats (D:2)
  2 frilled lizards (D:1)
  4 rats
40 creatures vanquished.

Notes
Turn   | Place    | Note
-------+----------+-------------------------------------------
     0 | D:1      | Goreval the Demonspawn Gladiator began the quest for the
                  | Orb.
     0 | D:1      | Reached XP level 1. HP: 16/16 MP: 1/1
    73 | D:1      | Reached skill level 3 in Polearms
    90 | D:1      | Gained mutation: You have a pair of small antennae on your
                  | head. [demonic ancestry]
    90 | D:1      | Reached XP level 2. HP: 13/22 MP: 2/2
  1116 | D:2      | Gained mutation: You are surrounded by a mild repulsion
                  | field. (EV +2) [demonic ancestry]
  1116 | D:2      | Reached XP level 3. HP: 26/28 MP: 3/3
  1665 | D:2      | Found a glowing silver altar of Zin.
  1868 | D:2      | Found a burning altar of Makhleb.
  1889 | D:2      | Slain by a hound

Levels and vault maps discovered:
D:1:      wander_arrival_lonely_grave, layout_basic, minmay_tromino_v7
D:2:      layout_basic, nicolae_overflow_crystal_walls, makhleb_heckhound_becter

Skill      XL: |  1 |
---------------+----+-----
Polearms       | 3 |  3.8
Fighting       | |  2.7
Throwing       | |  1.7
Dodging        | |  2.6

Action                   || total
-------------------------++-------
Melee: Trident           ||   159
Throw: Throwing net      ||     1
       Boomerang         ||     1
 Stab: Sleeping          ||     3
  Eat: Chunk             ||     3
Armor: Leather armour    ||    48
Dodge: Dodged            ||   142

Table legend:
 A = Non-vault XP
 B = Vault XP
 C = Vault XP percentage of total XP
 D = Non-vault monster count
 E = Vault monster count
 F = Vault count percentage of total count
                 A         B        C        D         E       F
            +---------+---------+-------+---------+---------+-------
      Total |      71 |       6 |   7.8 |      37 |       3 |   7.5
            +---------+---------+-------+---------+---------+-------
        D:1 |      20 |       6 |  23.1 |      13 |       3 |  18.8
        D:2 |      51 |       0 |   0.0 |      24 |       0 |   0.0
            +---------+---------+-------+---------+---------+-------
